 Dungeon Sprint DCSS version 0.17-a0-2073-gde5cdba (webtiles) character file.

303 Kidiri the Covered (level 6, -3/57 HPs)
             Began as a Minotaur Fighter on Oct 14, 2015.
             Was a Follower of Okawaru.
             Slain by a phantasmal warrior (22 damage)
             ... in the Dungeon (Sprint VII: "The Pits").
             The game lasted 00:02:34 (435 turns).

Kidiri the Covered (Minotaur Fighter)                Turns: 435, Time: 00:02:34

Health: -3/57      AC: 13    Str: 22    XL:     6   Next: 15%
Magic:  7/7        EV:  9    Int:  5    God:    Okawaru [*.....]
Gold:   0          SH: 11    Dex: 10    Spells: 0 memorised, 5 levels left

rFire  . . .     SeeInvis .     a - +0 war axe
rCold  . . .     Clarity  .     t - +3 chain mail
rNeg   . . .     SustAt   .     c - +0 shield
rPois  .         Gourm    .     (helmet restricted)
rElec  .         Spirit   .     (no cloak)
rCorr  .         Warding  .     (no gloves)
rMut   .         NoTele   +     (no boots)
MR     .....                    (no amulet)
Stlth  ..........               (no ring)
                                (no ring)

@: vulnerable, not resistant to hostile enchantments, extremely unstealthy
A: retaliatory headbutt, horns 2
a: Heroism, Renounce Religion


You were in the Dungeon.
You worshipped Okawaru.
Okawaru was aware of your devotion.
You were not hungry.

You visited 1 branch

Inventory:

Hand Weapons
 a - a +0 war axe (weapon)
Missiles
 s - 3 stones (quivered)
Armour
 c - a +0 shield (worn)
 t - a +3 chain mail (worn)
Scrolls
 k - a scroll of blinking
 p - 3 scrolls of remove curse
 q - 5 scrolls of amnesia
 r - a scroll of summoning
Potions
 d - a potion of might
 f - 6 potions of curing
 g - 5 potions of heal wounds
 h - a potion of haste
 i - 4 potions of magic
 j - 3 potions of berserk rage
 o - 2 potions of invisibility
Comestibles
 e - 8 bread rations
 l - 7 chunks of flesh
 m - 40 fruits
 n - 7 meat rations


   Skills:
 + Level 6.1 Fighting
 * Level 7.3 Axes
 * Level 7.8 Armour
 * Level 6.3 Dodging
 * Level 7.7 Shields
 + Level 3.7 Invocations


You had 5 spell levels left.
You didn't know any spells.

Dungeon Overview and Level Annotations

Branches:
Dungeon (1/1)

Altars:
Ashenzari
Cheibriados
Dithmenos
Elyvilon
Fedhas
Gozag
Kikubaaqudgha
Makhleb
Nemelex Xobeh
Okawaru
Qazlal
Ru
Sif Muna
Trog
Vehumet
Xom
Yredelemnul
Zin
The Shining One
Beogh
Jiyva
Lugonu


Innate Abilities, Weirdness & Mutations

You reflexively headbutt those who attack you in melee.
You have a pair of horns on your head.


Message History

You hit the phantasmal warrior but do no damage.
The phantasmal warrior is heavily damaged.
You block the phantasmal warrior's attack.
You slash the phantasmal warrior!
The phantasmal warrior is heavily damaged.
You feel like a meek peon again.
The phantasmal warrior barely misses you.
You furiously retaliate!
You headbutt the phantasmal warrior.
You hit the phantasmal warrior but do no damage.
The phantasmal warrior is severely damaged.
The phantasmal warrior completely misses you.
You furiously retaliate!
You headbutt the phantasmal warrior! You barely miss the phantasmal warrior.
The phantasmal warrior is almost destroyed.
You block the phantasmal warrior's attack. x2
You hit the phantasmal warrior but do no damage.
Your headbutt misses the phantasmal warrior.
The phantasmal warrior is almost destroyed.
The phantasmal warrior hits you!!
You die...

#.#........##.......#
#'###########.......#
#.......# #########
#..###..# #.......#
##.###.##+#
#.......#.+
#..###..#W#
#.......รท@#
###########


You could see a phantasmal warrior.

Vanquished Creatures
  A warg (D)
  An ogre (D)
  A crimson imp (D)
  An orc priest (D)
  2 river rats (D)
  A giant eyeball (D)
  2 oozes (D)
  2 orcs (D)
  A goblin (D)
  A kobold (D)
  A giant gecko (D)
  A giant newt (D)
  2 rats (D)
17 creatures vanquished.

Notes
Turn   | Place    | Note
--------------------------------------------------------------
     0 | D        | Kidiri the Minotaur Fighter began the quest for the Orb.
     0 | D        | Reached XP level 1. HP: 19/19 MP: 0/0
    58 | D        | Found a sacrificial altar of Ru.
    58 | D        | Found a basalt altar of Yredelemnul.
    58 | D        | Found a shadowy altar of Dithmenos.
    58 | D        | Found a deep blue altar of Sif Muna.
    58 | D        | Found a burning altar of Makhleb.
    58 | D        | Found a shimmering altar of Xom.
    58 | D        | Found an ancient bone altar of Kikubaaqudgha.
    58 | D        | Found a sparkling altar of Nemelex Xobeh.
    59 | D        | Found a glowing golden altar of the Shining One.
    59 | D        | Found a bloodstained altar of Trog.
    59 | D        | Found a shattered altar of Ashenzari.
    59 | D        | Found a white marble altar of Elyvilon.
    59 | D        | Found a snail-covered altar of Cheibriados.
    59 | D        | Found a blossoming altar of Fedhas.
    59 | D        | Found a radiant altar of Vehumet.
    59 | D        | Found a glowing silver altar of Zin.
    59 | D        | Found a corrupted altar of Lugonu.
    59 | D        | Found a viscous altar of Jiyva.
    59 | D        | Found a roughly hewn altar of Beogh.
    59 | D        | Found an iron altar of Okawaru.
    65 | D        | Found a stormy altar of Qazlal.
    66 | D        | Found an opulent altar of Gozag.
    68 | D        | Became a worshipper of Warmaster Okawaru
    88 | D        | Reached skill level 4 in Armour
    88 | D        | Reached skill level 1 in Dodging
    92 | D        | Reached XP level 2. HP: 27/27 MP: 1/1
   141 | D        | Reached skill level 1 in Invocations
   173 | D        | Paralysed by a giant eyeball for 3 turns
   293 | D        | Noticed an ogre
   306 | D        | Reached XP level 3. HP: 27/34 MP: 1/3
   311 | D        | Killed an ogre
   311 | D        | Reached * piety under Okawaru
   311 | D        | Reached skill level 5 in Fighting
   311 | D        | Reached skill level 5 in Axes
   311 | D        | Reached skill level 6 in Armour
   311 | D        | Reached XP level 4. HP: 39/42 MP: 1/4
   379 | D        | Noticed a warg
   392 | D        | Killed a warg
   392 | D        | Reached skill level 7 in Armour
   392 | D        | Reached skill level 5 in Dodging
   392 | D        | Reached XP level 5. HP: 38/50 MP: 3/6
   399 | D        | Noticed a crimson imp
   403 | D        | Killed a crimson imp
   403 | D        | Reached XP level 6. HP: 45/57 MP: 4/7
   413 | D        | Noticed an orc priest
   415 | D        | Killed an orc priest
   422 | D        | Noticed a phantasmal warrior
   435 | D        | Slain by a phantasmal warrior

Vault maps used:
D:        pitsprint

Action                   |  1- 3 |  4- 6 || total
-------------------------+-------+-------++-------
Melee: War axe           |    41 |    33 ||    74
Invok: Heroism           |       |     1 ||     1
  Use: Potion            |     1 |       ||     1
